Hurda X, lawful female dwarven Valkyrie --- |...---- -......-- ........- -.. |.. |.. --. -d- .<.. .*@. ---s Hurda X the Skirmisher Experience level: 4 Strength: 18 Dexterity: 13 Constitution: 16 Intelligence: 12 Wisdom: 9 Charisma: 7 Health: 0(37) Energy: 5(5) Def: 7 Gold: 200 Moves: 2959 Dungeon seed: 52wRG19Filfmmmoz Game ID: Hurda X_1524175546 Your Inventory: Coins $ - 200 gold pieces Weapons a - a blessed +1 long sword (weapon in hand) d - a +0 scimitar g - 3 +0 shuriken (in quiver) i - a +0 knife s - 2 +0 orcish daggers Armor e - an uncursed +3 small shield (being worn) n - an uncursed +0 pair of high boots (being worn) q - an uncursed +0 orcish helm r - an uncursed +0 helm of brilliance (being worn) Comestibles c - 3 uncursed food rations t - an uncursed partly eaten food ration Scrolls f - an uncursed scroll of create monster k - an uncursed scroll of identify u - an uncursed scroll of magic mapping v - an uncursed scroll of teleportation w - a cursed scroll of blank paper Potions p - an uncursed potion of enlightenment Wands y - a wand of striking (0:8) Tools h - an uncursed towel m - an uncursed sack x - an uncursed tin whistle Spells and supernatural/magical abilities: Name Level Category Fail Memory W - pray for help -- divine ? -- Your skills at the end: Fighting Skills Weapon Skills dagger [Basic] long sword [Basic] Spellcasting Skills Final Attributes: You were piously aligned. You were cold resistant. You had infravision. You were stealthy. You are dead. Vanquished creatures: a shrieker 2 floating eyes a kobold lord a rothe 2 orc zombies 3 coyotes 2 manes 2 brown molds a green mold 3 red molds 4 gnomes a gnome zombie a gecko 4 jackals a fox 4 goblins 6 sewer rats 6 grid bugs 4 bats 2 lichens 4 kobold zombies 2 newts 57 creatures vanquished. Voluntary challenges: You used a wielded weapon 38 times, starting on turn 83. You were illiterate. You never genocided any monsters. You never polymorphed an object. You never changed form. You used no wishes. You never split a pudding. You never wrote Elbereth's name. You never violated your personal moral code. Dungeon overview: The Dungeons of Doom: levels 1 to 2 Level 1 a long staircase Level 2 a fountain stairs to The Gnomish Mines The Gnomish Mines: levels 3 to 7 Level 3 stairs to The Dungeons of Doom Level 4 Level 5 a delicatessen, a temple to Odin, some fountains Level 6 Level 7 <- You were here History has recorded: On T:1 you entered the Dungeons of Doom to retrieve the Amulet of Yendor! On T:440 you reached level 2 of The Dungeons of Doom. On T:592 you reached level 1 of The Gnomish Mines. On T:997 you advanced to experience level 2. On T:1313 you advanced to experience level 3. On T:1314 you reached level 2 of The Gnomish Mines. On T:1644 you reached level 3 of The Gnomish Mines. On T:1844 you reached level 4 of The Gnomish Mines. On T:1994 you reached level 5 of The Gnomish Mines. On T:2203 you advanced to experience level 4. Score breakdown: Gold: 200 ( 7834 points) Experience: 4 levels ( 9649 points) Exploration: 7 levels ( 13.73%) (10392 points) Discoveries: 2 items ( 0.81%) ( 2705 points) Valuables value: (no points given unless you survive) Artifact value: 0 ( 0 points) Variety of kills: 22 monsters ( 5.77%) ( 7208 points) Turncount: 2959 turns ( -579 points) Survival: died (score multiplied by 80%) Total score: 29767 Latest messages: You displace your little dog. Nowhere else around here can be automatically explored. (2x) Where do you want to travel to? You see here 2 black gems. You hear some noises in the distance. You stop exploring. You hit the giant spider! The giant spider bites! The giant spider's bite was poisoned! You miss the giant spider. The giant spider bites! You miss the giant spider. The giant spider bites! You begin praying to Tyr. You are surrounded by a shimmering light. The giant spider starts to attack you, but pulls back. (4x) You feel that Tyr is well-pleased. Your long sword softly glows with a light blue aura. You miss the giant spider. The giant spider bites! You die... The sack is empty. Final status: Farvel Hurda X the Valkyrie, killed by a giant spider... You died in The Gnomish Mines on dungeon level 7 with 29767 points, and 200 pieces of gold, after 2959 moves. You were level 4 with a maximum of 37 hit points when you died.